[Event "4th Batumi Cup 2018"]
[Site "Batumi"]
[Date "2018.07.03"]
[Round "1"]
[White "Smirnov, Pavel"]
[Black "Chkhaidze, Nikoloz"]
[Result "1/2-1/2"]
[ECO "D79"]
[WhiteElo "2576"]
[BlackElo "2337"]
[Annotator "ChessBase"]
[PlyCount "181"]
[EventDate "2018.07.03"]
[EventType "swiss"]
[EventCountry "GEO"]
[SourceTitle "playchess.com"]
[Source "ChessBase"]
[SourceQuality "1"]
[TimeControl "40/5400+30:1800+30"]

1. d4 Nf6 2. c4 g6 3. g3 c6 4. Bg2 d5 5. Nf3 Bg7 6. Ne5 O-O 7. O-O Nfd7 8. cxd5 Nxe5 9. dxe5 Bxe5 10. Nc3 cxd5 11. Nxd5 Nc6 12. Bh6 Bg7 13. Bxg7 Kxg7 14. Qb3 Qa5 15. Rfd1 Rb8 16. Qe3 Be6 17. b4 Qa4 18. Nc7 Qxb4 19. Bxc6 bxc6 20. Na6 Qb6 21. Qc3+ Kg8 22. Nxb8 Rxb8 23. Rd2 c5 24. Rad1 c4 25. h4 h5 26. Qa3 Qc7 27. Rb2 Rc8 28. Qc3 Qc6 29. Kh2 Qc5 30. e4 f6 31. Qd4 Qxd4 32. Rxd4 c3 33. Rc2 Bxa2 34. Rd3 Bb1 35. Rcxc3 Rxc3 36. Rxc3 Bxe4 37. Re3 Bc2 38. Rxe7 a5 39. f3 a4 40. g4 Kf8 41. Ra7 hxg4 42. fxg4 g5 43. h5 Kg8 44. Kg3 Bd1 45. h6 Bc2 46. Rg7+ Kh8 47. Rf7 a3 48. Rxf6 a2 49. Ra6 Bb3 50. Ra7 Bd5 51. Kf2 Be6 52. Kf3 Bd5+ 53. Ke3 Be6 54. Ke4 Bxg4 55. Rxa2 Kh7 56. Rh2 Bd1 57. Kf5 g4 58. Kg5 g3 59. Rg2 Bf3 60. Rxg3 Be4 61. Re3 Bc2 62. Re7+ Kh8 63. Kf6 Bd3 64. Ra7 Bc2 65. Ra8+ Kh7 66. Re8 Bd3 67. Re6 Bc2 68. Re3 Bb1 69. Rc3 Be4 70. Ke5 Bb1 71. Rc6 Bd3 72. Kf6 Be4 73. Rc7+ Kh8 74. Rd7 Bc2 75. Rg7 Bd3 76. Kf7 Bc4+ 77. Kf8 Bd3 78. h7 Bxh7 79. Kf7 Bd3 80. Rg8+ Kh7 81. Rg3 Bc4+ 82. Kf6 Kh8 83. Rh3+ Kg8 84. Rc3 Bd5 85. Rc5 Bb3 86. Rc8+ Kh7 87. Rc3 Bd5 88. Rd3 Bc4 89. Rd4 Bb3 90. Kg5 Kg7 91. Rd7+ 1/2-1/2

[Event "4th Batumi Cup 2018"]
[Site "Batumi"]
[Date "2018.07.03"]
[Round "1"]
[White "Levin, Evgeny A"]
[Black "Gvetadze, Sofio"]
[Result "1-0"]
[ECO "E53"]
[WhiteElo "2539"]
[BlackElo "2316"]
[Annotator "ChessBase"]
[PlyCount "71"]
[EventDate "2018.07.03"]
[EventType "swiss"]
[EventCountry "GEO"]
[SourceTitle "playchess.com"]
[Source "ChessBase"]
[SourceQuality "1"]
[TimeControl "40/5400+30:1800+30"]

1. d4 Nf6 2. c4 e6 3. Nc3 Bb4 4. e3 O-O 5. Bd3 d5 6. Nf3 c5 7. cxd5 exd5 8. dxc5 Nbd7 9. O-O Nxc5 10. Ne2 Nxd3 11. Qxd3 Bd6 12. b3 Bg4 13. Bb2 Be6 14. Nf4 Bxf4 15. exf4 Ne4 16. Nd4 Qf6 17. f3 Nc5 18. Qd2 Qg6 19. Rad1 Rfc8 20. Rfe1 h6 21. Re5 Nd7 22. f5 Qf6 23. Ree1 Bxf5 24. g4 Bc2 25. Rc1 Ne5 26. Rxc2 Rxc2 27. Qxc2 Nxf3+ 28. Nxf3 Qxf3 29. Qf5 Qh3 30. Bd4 b6 31. Re7 Rf8 32. Rxa7 Qh4 33. Bf2 Qd8 34. Rd7 Qa8 35. a4 b5 36. axb5 1-0

[Event "4th Batumi Cup 2018"]
[Site "Batumi"]
[Date "2018.07.03"]
[Round "1"]
[White "Maghalashvili, Davit"]
[Black "Sanchez, Louis"]
[Result "1-0"]
[ECO "A14"]
[WhiteElo "2508"]
[BlackElo "2290"]
[Annotator "ChessBase"]
[PlyCount "91"]
[EventDate "2018.07.03"]
[EventType "swiss"]
[EventCountry "GEO"]
[SourceTitle "playchess.com"]
[Source "ChessBase"]
[SourceQuality "1"]
[TimeControl "40/5400+30:1800+30"]

1. Nf3 d5 2. g3 Nf6 3. Bg2 e6 4. O-O Be7 5. c4 O-O 6. b3 c5 7. cxd5 Nxd5 8. Bb2 Nc6 9. d4 cxd4 10. Nxd4 Bd7 11. Na3 Nxd4 12. Qxd4 Bf6 13. Qd2 Bc6 14. Nc4 Bxb2 15. Qxb2 Nb4 16. Rfd1 Qe7 17. Ne5 Rfd8 18. Nxc6 Nxc6 19. Bxc6 bxc6 20. Qc3 Qb7 21. Rac1 Qa6 22. Rd2 Rxd2 23. Qxd2 h6 24. Rc4 Qb6 25. Qc3 Rc8 26. Rc5 Qa6 27. Qc2 Qa3 28. Rc4 Qa5 29. b4 Qb6 30. Qa4 a6 31. a3 Rc7 32. Rc5 Rc8 33. Qc2 Rc7 34. h4 Rc8 35. h5 Qb7 36. Qd3 Qb6 37. Qd7 Qc7 38. Qd3 Qb6 39. Qc3 Qb7 40. Qc4 Qb6 41. a4 Rc7 42. Qc3 Rb7 43. Rxc6 Qxb4 44. Rc8+ Kh7 45. Qd3+ g6 46. Qd8 1-0

[Event "4th Batumi Cup 2018"]
[Site "Batumi"]
[Date "2018.07.03"]
[Round "1"]
[White "Sindarov, Javokhir"]
[Black "Akhvlediani, Irakli"]
[Result "1/2-1/2"]
[ECO "B70"]
[WhiteElo "2474"]
[BlackElo "2264"]
[Annotator "ChessBase"]
[PlyCount "132"]
[EventDate "2018.07.03"]
[EventType "swiss"]
[EventCountry "GEO"]
[SourceTitle "playchess.com"]
[Source "ChessBase"]
[SourceQuality "1"]
[TimeControl "40/5400+30:1800+30"]

1. e4 c5 2. Nf3 Nc6 3. d4 cxd4 4. Nxd4 g6 5. Nc3 Bg7 6. Nb3 Nf6 7. Be2 O-O 8. O-O d6 9. Re1 Be6 10. Bf1 Na5 11. e5 Ne8 12. Nxa5 Qxa5 13. Bg5 Qd8 14. Nd5 Bxd5 15. Qxd5 h6 16. Be3 dxe5 17. Qxd8 Rxd8 18. Bxa7 Nd6 19. c3 f5 20. Bb6 Ra8 21. a4 Rfc8 22. a5 Kf7 23. Rad1 Rc6 24. Bd3 e6 25. Bc2 Ke7 26. Bb3 h5 27. Re2 e4 28. f3 Be5 29. g3 g5 30. Kg2 exf3+ 31. Kxf3 Ne4 32. Bc2 Bc7 33. Bxe4 fxe4+ 34. Kxe4 Bxb6 35. axb6 Ra4+ 36. Rd4 Rxd4+ 37. Kxd4 Rxb6 38. Kc5 Rc6+ 39. Kb5 Kf6 40. Rf2+ Ke7 41. c4 e5 42. c5 Ke6 43. b4 Ra6 44. Kc4 Ra1 45. Rd2 e4 46. Rd6+ Kf5 47. Kd4 Rb1 48. Rb6 Rd1+ 49. Ke3 Rd3+ 50. Ke2 Rd7 51. Rh6 Rd4 52. Rb6 Rd7 53. h3 h4 54. Rb5 Kf6 55. g4 Ke6 56. Rb6+ Ke5 57. b5 Rd5 58. Rxb7 Rxc5 59. Rf7 Rc2+ 60. Kf1 Rb2 61. Rf5+ Kd4 62. Rxg5 e3 63. Rf5 Kd3 64. Rd5+ Ke4 65. Rf5 Kd3 66. Rd5+ Ke4 1/2-1/2

[Event "4th Batumi Cup 2018"]
[Site "Batumi"]
[Date "2018.07.03"]
[Round "1"]
[White "Nigmatov, Ortik"]
[Black "Primbetov, Kazbek"]
[Result "0-1"]
[ECO "B75"]
[WhiteElo "2461"]
[BlackElo "2257"]
[Annotator "ChessBase"]
[PlyCount "82"]
[EventDate "2018.07.03"]
[EventType "swiss"]
[EventCountry "GEO"]
[SourceTitle "playchess.com"]
[Source "ChessBase"]
[SourceQuality "1"]
[TimeControl "40/5400+30:1800+30"]

1. e4 c5 2. Nf3 d6 3. d4 cxd4 4. Nxd4 Nf6 5. Nc3 g6 6. Be3 Bg7 7. f3 Nc6 8. Qd2 h5 9. O-O-O Bd7 10. Kb1 a6 11. h4 Ne5 12. Bg5 Rc8 13. f4 Neg4 14. Bxf6 Bxf6 15. Nd5 Bg7 16. f5 e6 17. Nc3 O-O 18. Rh3 Bh6 19. Qe1 exf5 20. Bd3 Re8 21. Qg3 Rxc3 22. bxc3 Qb6+ 23. Ka1 fxe4 24. Bc4 Qc5 25. Bb3 e3 26. Ne2 Bb5 27. Rd5 Qa3 28. Rxb5 axb5 29. Qf3 Re7 30. Qd5 b4 31. Qxd6 Bf8 32. cxb4 Re6 33. Qc7 Qxb4 34. Bxe6 Qe1+ 35. Kb2 fxe6 36. Qc4 Bg7+ 37. Ka3 Qa5+ 38. Kb3 Ne5 39. Qxe6+ Kh7 40. a4 b5 41. Rxe3 Nd3 0-1

[Event "4th Batumi Cup 2018"]
[Site "Batumi"]
[Date "2018.07.03"]
[Round "1"]
[White "Sibashvili, Giorgi"]
[Black "Mammadova, Narmin"]
[Result "1-0"]
[ECO "D90"]
[WhiteElo "2408"]
[BlackElo "2209"]
[Annotator "NA"]
[PlyCount "65"]
[EventDate "2018.07.03"]
[EventType "swiss"]
[EventCountry "GEO"]
[SourceTitle "playchess.com"]
[Source "ChessBase"]
[SourceQuality "1"]
[TimeControl "40/5400+30:1800+30"]

1. d4 d5 2. c4 c6 3. Nc3 Nf6 4. Nf3 g6 5. cxd5 cxd5 6. Bf4 Nc6 7. e3 a6 8. Bd3 Bg7 9. O-O O-O 10. h3 b5 11. Rc1 Bb7 12. Ne5 Rc8 13. Nxc6 Bxc6 14. a4 b4 15. Na2 Qb6 16. Qb3 a5 17. Nc3 Qb7 18. Nb5 Qd7 19. Rc2 Ne4 20. Rfc1 Nd6 21. Nxd6 Bxa4 22. Qxd5 Bxc2 23. Nxc8 Qxd5 24. Nxe7+ Kh8 25. Nxd5 Bxd3 26. Ra1 Ra8 27. Nxb4 Be4 28. Na2 Ra7 29. Nc3 Bc2 30. b4 a4 31. b5 h6 32. b6 Rb7 33. Bc7 1-0

[Event "4th Batumi Cup 2018"]
[Site "Batumi"]
[Date "2018.07.03"]
[Round "1"]
[White "Rahul Srivatshav P"]
[Black "Duzhakov, Ilya"]
[Result "0-1"]
[ECO "B51"]
[WhiteElo "2397"]
[BlackElo "2448"]
[Annotator "NA"]
[PlyCount "142"]
[EventDate "2018.07.03"]
[EventType "swiss"]
[EventCountry "GEO"]
[SourceTitle "playchess.com"]
[Source "ChessBase"]
[SourceQuality "1"]
[TimeControl "40/5400+30:1800+30"]

1. e4 c5 2. Nf3 d6 3. Bb5+ Nd7 4. d4 cxd4 5. Qxd4 a6 6. Bxd7+ Bxd7 7. c4 e5 8. Qd3 b5 9. Nc3 bxc4 10. Qxc4 Nf6 11. Ng5 Qe7 12. O-O h6 13. Nf3 Qe6 14. Qd3 Be7 15. h3 O-O 16. Rd1 Rfc8 17. Be3 Qc4 18. Qxc4 Rxc4 19. Nd2 Rc7 20. Rac1 Rac8 21. Nf1 Be6 22. f3 Rc6 23. Ng3 Bd8 24. Nge2 Ba5 25. Kf2 Kf8 26. Rd3 Bc4 27. Rdd1 Ke7 28. Ng3 Be6 29. Nge2 Rb8 30. b3 Rbc8 31. Rd3 Bb4 32. Bd2 Ba3 33. Rd1 Nd7 34. Be3 Nc5 35. Nd5+ Bxd5 36. Rxd5 h5 37. Ng3 g6 38. Ne2 Bb4 39. Bd2 a5 40. h4 Ne6 41. Bxb4 axb4 42. R1d2 Nc5 43. Ke3 f5 44. g3 Nd7 45. Rb5 Rb6 46. Rdd5 Rcc6 47. Rxb6 Rxb6 48. Nc1 Rc6 49. Nd3 fxe4 50. fxe4 Rc3 51. Kd2 Nf6 52. Nxb4 Nxe4+ 53. Kd1 Rxg3 54. Ra5 g5 55. hxg5 h4 56. Ra7+ Ke6 57. Rh7 h3 58. g6 Rxg6 59. Nd3 Rg3 60. Ke2 Rg2+ 61. Ke3 Ng5 62. Rh6+ Kf5 63. Nf2 h2 64. b4 d5 65. b5 d4+ 66. Ke2 Ne4 67. b6 Rxf2+ 68. Kd3 Rxa2 69. Kc4 Rb2 70. Kd5 Ng3 71. Rh8 h1=Q+ 0-1

[Event "4th Batumi Cup 2018"]
[Site "Batumi"]
[Date "2018.07.03"]
[Round "1"]
[White "Oboladze, Luka"]
[Black "Khalaji, Hanieh"]
[Result "1-0"]
[ECO "D10"]
[WhiteElo "2378"]
[BlackElo "2146"]
[Annotator "NA"]
[PlyCount "69"]
[EventDate "2018.07.03"]
[EventType "swiss"]
[EventCountry "GEO"]
[SourceTitle "playchess.com"]
[Source "ChessBase"]
[SourceQuality "1"]
[TimeControl "40/5400+30:1800+30"]

1. d4 d5 2. c4 c6 3. cxd5 cxd5 4. Bf4 Nc6 5. e3 Bf5 6. Nc3 e6 7. a3 Bd6 8. Nge2 Nf6 9. Bxd6 Qxd6 10. Nf4 O-O 11. Be2 Nxd4 12. Qxd4 e5 13. Nb5 Qb8 14. Qb4 a5 15. Qd6 exf4 16. Qxb8 Raxb8 17. Nd4 Bd7 18. exf4 Rfe8 19. f3 b5 20. b4 a4 21. Kd2 Rb6 22. Rac1 h5 23. Rc5 Reb8 24. g3 Kf8 25. Re1 R8b7 26. Bd3 g6 27. Re5 Rb8 28. h4 R8b7 29. f5 gxf5 30. Bxf5 Bxf5 31. Rxf5 Ke7 32. Nc6+ Ke6 33. Rf4 Rd7 34. Nd4+ Ke5 35. Kd3 1-0

[Event "4th Batumi Cup 2018"]
[Site "Batumi"]
[Date "2018.07.03"]
[Round "1"]
[White "Martynov, Roman"]
[Black "Stepanyan, Eva"]
[Result "1/2-1/2"]
[ECO "D30"]
[WhiteElo "2366"]
[BlackElo "2096"]
[Annotator "NA"]
[PlyCount "114"]
[EventDate "2018.07.03"]
[EventType "swiss"]
[EventCountry "GEO"]
[SourceTitle "playchess.com"]
[Source "ChessBase"]
[SourceQuality "1"]
[TimeControl "40/5400+30:1800+30"]

1. d4 Nf6 2. c4 e6 3. g3 d5 4. Nf3 Bb4+ 5. Bd2 Bd6 6. Bg2 c6 7. Qc2 O-O 8. O-O Ne4 9. Rd1 Nd7 10. Be1 f5 11. Nfd2 Qf6 12. Nf1 Qh6 13. e3 Ndf6 14. Nc3 Nxc3 15. bxc3 Bd7 16. c5 Bc7 17. Rab1 b5 18. cxb6 axb6 19. c4 Ne4 20. Nd2 Rfc8 21. cxd5 cxd5 22. Qb2 b5 23. Nb3 Bb6 24. Rdc1 Rxc1 25. Rxc1 Nd6 26. Bb4 Nc4 27. Qe2 Qf6 28. Nc5 Qd8 29. Nd3 Ra4 30. Rc2 Qa8 31. h3 Be8 32. Bc5 Qa7 33. Kh2 Bg6 34. Bxb6 Qxb6 35. Nf4 Bf7 36. h4 Qd6 37. Bf3 Qb4 38. Kg2 Ra3 39. g4 fxg4 40. Bxg4 Qe7 41. Qf3 Ra6 42. h5 Qh4 43. Qg3 Qxg3+ 44. Kxg3 Kf8 45. Be2 Ke7 46. Bd3 h6 47. Bg6 Bxg6 48. Nxg6+ Kf6 49. Kf4 Ra4 50. f3 Ra3 51. Ne5 Nxe5 52. dxe5+ Kf7 53. Rc7+ Kf8 54. Rc8+ Kf7 55. Rc7+ Kf8 56. Rc8+ Kf7 57. Rc7+ Kf8 1/2-1/2

[Event "4th Batumi Cup 2018"]
[Site "Batumi"]
[Date "2018.07.03"]
[Round "1"]
[White "Lomsadze, Davit"]
[Black "Jumabayev, Rinat"]
[Result "0-1"]
[ECO "A09"]
[WhiteElo "2348"]
[BlackElo "2594"]
[Annotator "ChessBase"]
[PlyCount "88"]
[EventDate "2018.07.03"]
[EventType "swiss"]
[EventCountry "GEO"]
[SourceTitle "playchess.com"]
[Source "ChessBase"]
[SourceQuality "1"]
[TimeControl "40/5400+30:1800+30"]

1. Nf3 Nf6 2. g3 c5 3. Bg2 d5 4. O-O e6 5. c4 d4 6. d3 Nc6 7. e4 e5 8. Ne1 Be7 9. f4 exf4 10. gxf4 g6 11. Nd2 Bg4 12. Ndf3 Qc7 13. h3 Bd7 14. Nh2 Nh5 15. Nc2 O-O 16. Bd2 Kh8 17. Rb1 a5 18. a4 f5 19. e5 Nd8 20. Na3 Bc6 21. Nb5 Qd7 22. Bd5 Ng7 23. Qf3 Nde6 24. Rbe1 Nh5 25. Bxe6 Qxe6 26. Qf2 g5 27. fxg5 f4 28. h4 Rg8 29. Nf3 Ng3 30. Nc7 Qg4 31. Qg2 Rad8 32. Nd5 Rxd5 33. cxd5 Bxd5 34. Rf2 h6 35. e6 hxg5 36. Ne5 Qxe6 37. Ng6+ Qxg6 38. Qxd5 gxh4 39. Rg2 Bg5 40. Qe5+ Bf6 41. Qxf4 h3 42. Re6 hxg2 43. Be1 Nh5 44. Qf3 Re8 0-1

[Event "4th Batumi Cup 2018"]
[Site "Batumi"]
[Date "2018.07.03"]
[Round "1"]
[White "Sattarov, Bobir"]
[Black "Pantsulaia, Levan"]
[Result "0-1"]
[ECO "B40"]
[WhiteElo "2328"]
[BlackElo "2575"]
[Annotator "ChessBase"]
[PlyCount "33"]
[EventDate "2018.07.03"]
[EventType "swiss"]
[EventCountry "GEO"]
[SourceTitle "playchess.com"]
[Source "ChessBase"]
[SourceQuality "1"]
[TimeControl "40/5400+30:1800+30"]

1. e4 c5 2. Nf3 a6 3. c4 e6 4. Nc3 Qc7 5. Be2 Nc6 6. O-O Nd4 7. d3 Ne7 {[%emt 0:00:17] Nxd4cxd4 [%clk 1:30:09]} 8. Nb1 {[%emt 0:00:00] Nc6 [%clk 1:30:15] f4 [%clk 1:18:42] Be7 [%clk 1:29:21] Nd2 [%clk 1:18:39] O-O [%clk 1:29:42]} Nxf3+ {[%emt 0:15:21] b5 [%clk 1:29:26]} 9. Kh1 Rb8 10. b3 {[%emt 0:03:20] Bb7 [%clk 1:13:20] Bd2 [%clk 0:56:35]} f5 {[%emt 0:06:43] Rc1 [%clk 0:51:41] Qb6 [%clk 1:08:31]} 11. Qe1 {[%emt 0:15:58] bxc4 [%clk 1:01:49] Rxc4 [%clk 0:45:25]} fxe4 12. dxe4 a5 13. Bd3 {[%emt 0:32:39] Ba6 [%clk 0:49:58]} e5 {[%emt 0:45:09] Bxc4 [%clk 0:50:04] bxc4 [%clk 0:10:18] Nb4 [%clk 0:41:35] Bxb4 [%clk 0:10:25] axb4 [%clk 0:42:01] Qe4 [%clk 0:10:28] g6 [%clk 0:42:19] Nxd4 [%clk 0:10:10] Rf7 [%clk 0:40:01]} 14. g3 {[%emt 0:10:47] Qb7 [%clk 0:38:48] h4 [%clk 0:03:17] Qa8 [%clk 0:36:56] Qxa8 [%clk 0:02:11]} Ra8 {[%emt 0:00:00] Bb1 [%clk 0:02:33] Rff8 [%clk 0:36:31] Nb3 [%clk 0:01:33] Rfc8 [%clk 0:35:46] Rc1 [%clk 0:01:56] h6 [%clk 0:35:52]} 15. Kg2 g5 {[%emt 0:00:00] fxg5 [%clk 0:00:44] hxg5 [%clk 0:36:37] h5 [%clk 0:01:07] Bf8 [%clk 0:34:41] c5 [%clk 0:00:32] Bg7 [%clk 0:33:31] Rd1 [%clk 0:00:37] Ra7 [%clk 0:33:38]} 16. Kxf3 {[%emt 0:01:15] Bxe5 [%clk 0:33:35]} h6 {[%emt 0:11:41] Kf7 [%clk 0:27:30]} 17. Kg4 {[%emt 0:00:18] Ke7 [%clk 0:27:50] Re1 [%clk 0:30:39] Bc3 [%clk 0:57:36] Rh1 [%clk 0:22:48] Bf6 [%clk 0:49:45] Kh5 [%clk 0:21:13] Rac7 [%clk 0:42:41] Rf1 [%clk 0:15:45] Rf8 [%clk 0:41:59] g4 [%clk 0:11:23] Rcc8 [%clk 0:40:25] h7 [%clk 0:09:58] Bh8 [%clk 0:31:06] Rg1 [%clk 0:08:02] Rf2 [%clk 0:30:42] Kxg5 [%clk 0:04:04] Rcf8 [%clk 0:30:53] c6 [%clk 0:03:37] Bf6+ [%clk 0:24:28] Kg6 [%clk 0:03:38] Rf7 [%clk 0:24:23] Rh1 [%clk 0:03:09] Rg7+ [%clk 0:24:43] Kh5 [%clk 0:03:27] Rg5 [%clk 0:25:06] Kh4 [%clk 0:02:20] Rgf5 [%clk 0:22:13] g5 [%clk 0:02:45] Rxg5 [%clk 0:22:38] c7 [%clk 0:01:02] Rg1 [%clk 0:22:39] Kh3 [%clk 0:01:16] Rxh1 [%clk 0:22:53] Kg3 [%clk 0:01:43] Bh4+ [%clk 0:23:00] Kg4 [%clk 0:02:07] Rf8 [%clk 0:23:23] Be4 [%clk 0:02:29] Rh2 [%clk 0:23:21] Bb7 [%clk 0:02:51] Bf6 [%clk 0:23:30]} 0-1

[Event "4th Batumi Cup 2018"]
[Site "Batumi"]
[Date "2018.07.03"]
[Round "1"]
[White "Garayev, Kanan"]
[Black "Sanikidze, Tornike"]
[Result "1/2-1/2"]
[ECO "D38"]
[WhiteElo "2300"]
[BlackElo "2512"]
[Annotator "ChessBase"]
[PlyCount "77"]
[EventDate "2018.07.03"]
[EventType "swiss"]
[EventCountry "GEO"]
[SourceTitle "playchess.com"]
[Source "ChessBase"]
[SourceQuality "1"]
[TimeControl "40/5400+30:1800+30"]

1. d4 d5 2. c4 e6 3. Nc3 Bb4 4. Nf3 Nf6 5. cxd5 exd5 6. Bg5 h6 7. Bxf6 Qxf6 8. e3 c5 9. Be2 Nc6 10. O-O Be6 11. Rc1 c4 12. e4 Bxc3 13. bxc3 b5 14. Nd2 O-O 15. f4 dxe4 16. Nxe4 Qd8 17. Nc5 Bd5 18. Qd2 Re8 19. Rce1 b4 20. cxb4 Qf6 21. Bg4 Rxe1 22. Rxe1 Nxd4 23. Re5 Be6 24. Qxd4 Rd8 25. Qe4 Bxg4 26. Re8+ Rxe8 27. Qxe8+ Kh7 28. Qe4+ Bf5 29. Qxc4 Qa1+ 30. Kf2 Qb2+ 31. Kg1 h5 32. h3 h4 33. Qxf7 Qc1+ 34. Kh2 Qxf4+ 35. Kh1 Qf1+ 36. Kh2 Qf4+ 37. Kh1 Qc1+ 38. Kh2 Qf4+ 39. Kh1 1/2-1/2

[Event "4th Batumi Cup 2018"]
[Site "Batumi"]
[Date "2018.07.03"]
[Round "1"]
[White "Suleymanli, Aydin"]
[Black "Quparadze, Giga"]
[Result "1/2-1/2"]
[ECO "E13"]
[WhiteElo "2266"]
[BlackElo "2503"]
[Annotator "ChessBase"]
[PlyCount "121"]
[EventDate "2018.07.03"]
[EventType "swiss"]
[EventCountry "GEO"]
[SourceTitle "playchess.com"]
[Source "ChessBase"]
[SourceQuality "1"]
[TimeControl "40/5400+30:1800+30"]

1. d4 Nf6 2. c4 e6 3. Nf3 b6 4. Nc3 Bb4 5. Bg5 Bb7 6. Nd2 h6 7. Bh4 Nc6 8. e3 Ne7 9. Bxf6 gxf6 10. Qb3 c5 11. a3 Bxc3 12. Qxc3 cxd4 13. Qxd4 Nc6 14. Qc3 Qe7 15. Rd1 O-O-O 16. Bd3 f5 17. Be2 Rhg8 18. Bf3 d6 19. O-O Rg6 20. b4 Rdg8 21. g3 Ne5 22. Bxb7+ Kxb7 23. c5 Rc8 24. f4 Ng4 25. cxd6 Rxc3 26. dxe7 Rg8 27. Nb1 Rcc8 28. Rd7+ Kb8 29. Nd2 Rge8 30. e4 Nf6 31. Rd4 Rxe7 32. Re1 fxe4 33. Nxe4 Nxe4 34. Rdxe4 Rd7 35. Kf2 Kb7 36. R1e2 Rc1 37. a4 a6 38. a5 Rd5 39. axb6 Kxb6 40. Re5 Rxe5 41. Rxe5 Rc2+ 42. Kf3 Rxh2 43. f5 exf5 44. Rxf5 Rh1 45. Kg2 Rb1 46. Rxf7 Rxb4 47. Rf6+ Kb5 48. Rxh6 a5 49. Rh8 a4 50. Ra8 Rb3 51. Kf2 Kb4 52. Ke2 Rxg3 53. Kd2 Kb3 54. Rb8+ Ka2 55. Kc2 a3 56. Rc8 Rg2+ 57. Kc1 Kb3 58. Rb8+ Kc4 59. Kb1 Kc3 60. Rc8+ Kb3 61. Rb8+ 1/2-1/2

[Event "4th Batumi Cup 2018"]
[Site "Batumi"]
[Date "2018.07.03"]
[Round "1"]
[White "Khomeriki, Nino"]
[Black "Tutisani, Noe"]
[Result "1/2-1/2"]
[ECO "E91"]
[WhiteElo "2257"]
[BlackElo "2469"]
[Annotator "ChessBase"]
[PlyCount "60"]
[EventDate "2018.07.03"]
[EventType "swiss"]
[EventCountry "GEO"]
[SourceTitle "playchess.com"]
[Source "ChessBase"]
[SourceQuality "1"]
[TimeControl "40/5400+30:1800+30"]

1. d4 Nf6 2. Nf3 b6 3. e3 Bb7 4. Bd3 g6 5. c4 Bg7 6. Nc3 O-O 7. e4 d6 8. O-O Nbd7 9. h3 e5 10. d5 Nc5 11. Bc2 a5 12. Be3 Nh5 13. a3 Nf4 14. b4 axb4 15. axb4 Rxa1 16. Qxa1 Na6 17. Qa3 Bc8 18. Kh2 g5 19. Ng1 g4 20. Nce2 gxh3 21. Nxf4 exf4 22. Bxf4 hxg2 23. Kxg2 f5 24. exf5 Qh4 25. Qg3 Qxg3+ 26. fxg3 Nxb4 27. Bb1 Bxf5 28. Bxd6 Bxb1 29. Rxb1 cxd6 30. Rxb4 Bd4 1/2-1/2

[Event "4th Batumi Cup 2018"]
[Site "Batumi"]
[Date "2018.07.03"]
[Round "1"]
[White "Tereladze, Sopiko"]
[Black "Bashirov, Teymur"]
[Result "1/2-1/2"]
[ECO "D35"]
[WhiteElo "2169"]
[BlackElo "2379"]
[Annotator "NA"]
[PlyCount "39"]
[EventDate "2018.07.03"]
[EventType "swiss"]
[EventCountry "GEO"]
[SourceTitle "playchess.com"]
[Source "ChessBase"]
[SourceQuality "1"]
[TimeControl "40/5400+30:1800+30"]

1. d4 d5 2. c4 e6 3. cxd5 exd5 4. Nc3 Nf6 5. Nf3 Be7 6. Qc2 c6 7. Bf4 Nbd7 8. e3 O-O 9. Bd3 Re8 10. g4 Qa5 11. g5 Ne4 12. Bxe4 dxe4 13. Qxe4 Nb6 14. O-O Bh3 15. Ne5 Bxf1 16. Rxf1 Nd5 17. Qf5 Rf8 18. Nd7 Rfd8 19. Ne5 Rf8 20. Nd7 1/2-1/2

[Event "4th Batumi Cup 2018"]
[Site "Batumi"]
[Date "2018.07.03"]
[Round "1"]
[White "Eynullayev, Altay"]
[Black "Mgeladze, Tamaz"]
[Result "0-1"]
[ECO "E73"]
[WhiteElo "2134"]
[BlackElo "2374"]
[Annotator "NA"]
[PlyCount "112"]
[EventDate "2018.07.03"]
[EventType "swiss"]
[EventCountry "GEO"]
[SourceTitle "playchess.com"]
[Source "ChessBase"]
[SourceQuality "1"]
[TimeControl "40/5400+30:1800+30"]

1. d4 Nf6 2. c4 g6 3. Nc3 Bg7 4. e4 d6 5. Be2 O-O 6. Be3 e5 7. d5 a5 8. g4 Na6 9. h4 Nc5 10. f3 c6 11. h5 cxd5 12. cxd5 a4 13. Qd2 Qa5 14. Nh3 Bd7 15. Nf2 Rfc8 16. Rc1 Rc7 17. hxg6 fxg6 18. O-O b5 19. Rc2 Bf8 20. Re1 Be7 21. Kg2 Bd8 22. Rh1 b4 23. Nb1 Rcc8 24. Rhc1 Bb6 25. Nd3 b3 26. Qxa5 Bxa5 27. axb3 axb3 28. Rxc5 dxc5 29. Nxe5 Bc7 30. Nc4 Bb5 31. Nba3 Ba6 32. Bd1 Nd7 33. d6 Bd8 34. Bxb3 Rab8 35. Ba2 Kg7 36. e5 Bxc4 37. Nxc4 Nxe5 38. Nxe5 Rxb2+ 39. Kg3 Rxa2 40. d7 Rc7 41. Bxc5 Rd2 42. f4 Rd5 43. Be3 Rxc1 44. Bxc1 Bf6 45. Nf3 Rxd7 46. f5 gxf5 47. g5 Bc3 48. Kf4 Rd1 49. Be3 Rf1 50. Kg3 Kf7 51. Kg2 Rb1 52. Nh4 Ke6 53. Kf3 Be5 54. Ng2 Rb3 55. Ke2 Kd5 56. Kf3 Ra3 0-1

[Event "4th Batumi Cup 2018"]
[Site "Batumi"]
[Date "2018.07.03"]
[Round "1"]
[White "Al Hosani, Omran"]
[Black "Pogosyan, Stefan"]
[Result "1-0"]
[ECO "A09"]
[WhiteElo "2089"]
[BlackElo "2356"]
[Annotator "NA"]
[PlyCount "99"]
[EventDate "2018.07.03"]
[EventType "swiss"]
[EventCountry "GEO"]
[SourceTitle "playchess.com"]
[Source "ChessBase"]
[SourceQuality "1"]
[TimeControl "40/5400+30:1800+30"]

1. Nf3 d5 2. c4 d4 3. d3 c5 4. g3 Nc6 5. Bg2 Nf6 6. O-O e5 7. e3 Bd6 8. exd4 cxd4 9. a3 a5 10. Bg5 h6 11. Bxf6 Qxf6 12. Nbd2 Bf5 13. Qe2 O-O 14. Ne4 Qe7 15. Nxd6 Qxd6 16. Rfe1 Rfe8 17. Nh4 Bh7 18. Bd5 Re7 19. Qf3 Qd7 20. Be4 g6 21. b4 Rae8 22. bxa5 Nxa5 23. Rab1 Qd6 24. Bd5 Kg7 25. Rb5 Qxa3 26. Rxe5 Nc6 27. Re4 f6 28. Bxc6 bxc6 29. Rb7 Qc5 30. Re6 f5 31. Rbxe7+ Rxe7 32. Rxe7+ Qxe7 33. Qxc6 g5 34. Nf3 f4 35. Qd5 Qf6 36. Ne5 fxg3 37. hxg3 h5 38. Qxd4 h4 39. c5 hxg3 40. fxg3 Bf5 41. c6 Kh7 42. Qd5 Kg7 43. d4 Qe7 44. Qf3 Be6 45. Qe4 Bf7 46. Qf5 Be8 47. Qc8 Qa3 48. Kh2 Qa2+ 49. Kh3 Kf8 50. Qf5+ 1-0

[Event "4th Batumi Cup 2018"]
[Site "Batumi"]
[Date "2018.07.03"]
[Round "2"]
[White "Jumabayev, Rinat"]
[Black "Sibashvili, Giorgi"]
[Result "1-0"]
[ECO "A11"]
[WhiteElo "2594"]
[BlackElo "2408"]
[Annotator "ChessBase"]
[PlyCount "61"]
[EventDate "2018.07.03"]
[EventType "swiss"]
[EventCountry "GEO"]
[SourceTitle "playchess.com"]
[Source "ChessBase"]
[SourceQuality "1"]
[TimeControl "40/5400+30:1800+30"]

1. Nf3 d5 2. g3 c6 3. c4 Bg4 4. Bg2 e6 5. cxd5 Bxf3 6. Bxf3 cxd5 7. O-O Nc6 8. d4 Nf6 9. Nc3 Be7 10. e3 O-O 11. Qe2 Rc8 12. Bd2 a6 13. Rfc1 b5 14. Be1 Qb6 15. Qd1 Na5 16. Ne2 Nc4 17. Rc2 b4 18. Nc1 a5 19. Nd3 Ne4 20. Rac1 Ned6 21. Nc5 Qa7 22. Bg4 Nb6 23. Qd3 g6 24. a3 bxa3 25. Qxa3 Ndc4 26. Qa2 Bxc5 27. dxc5 Nd7 28. Be2 Nxc5 29. Bxc4 dxc4 30. Rxc4 Rc6 31. Qxa5 1-0